 Dungeon Crawl Stone Soup version 0.28.0-53-g5a82cb258f (webtiles) character file.

Game seed: 14903237809264163012

33 Infinimo the Cudgeller (level 3, -1/37 HPs)
             Began as an Ogre Gladiator on May 29, 2022.
             Shot with a stone by a goblin (2 damage)
             ... led by Robin
             ... on level 2 of the Dungeon.
             The game lasted 00:01:53 (1196 turns).

Infinimo the Cudgeller (Ogre Gladiator)             Turns: 1196, Time: 00:01:53

Health: -1/37      AC:  3    Str: 20    XL:     3   Next: 29%
Magic:  3/3        EV: 10    Int:  9    God:
Gold:   32         SH:  0    Dex: 10    Spells: 2/2 levels left

rFire   . . .      SeeInvis .   a - +0 flail
rCold   . . .      Faith    .   (no shield)
rNeg    . . .      Spirit   .   b - +0 robe
rPois   .          Reflect  .   c - +0 hat
rElec   .          Harm     .   (no cloak)
rCorr   .          Rampage  .   (gloves unavailable)
Will    .....                   (boots unavailable)
Stlth   +.........              (no amulet)
HPRegen 0.12/turn               (no ring)
MPRegen 0.08/turn               (no ring)

@: no status effects
A: large, unfitting armour, tough skin 1
a: no special abilities


You were on level 2 of the Dungeon.
You visited 1 branch of the dungeon, and saw 2 of its levels.

You collected 32 gold pieces.

Inventory:

Hand Weapons
 a - a +0 flail (weapon)
Missiles
 d - 3 throwing nets (quivered)
Armour
 b - a +0 robe (worn)
 c - a +0 hat (worn)
Scrolls
 f - 2 scrolls of identify {unknown}
 g - a scroll of brand weapon {unknown}
 i - a scroll of vulnerability {unknown}
 j - a scroll of summoning {unknown}
Potions
 e - a potion of heal wounds {unknown}
 h - a potion of invisibility {unknown}


   Skills:
 + Level 3.4 Fighting
 * Level 3.5 Maces & Flails
 - Level 2.0 Throwing
 - Level 2.6 Dodging


You had 2 spell levels left.
You didn't know any spells.
Your spell library was empty.

Dungeon Overview and Level Annotations

Branches:
Dungeon (2/15)

Altars:

Shops:
D:1 =

Annotations:
D:2 Robin


Innate Abilities, Weirdness & Mutations

You are too large for most types of armour.
You have tough skin. (AC +1)


Message History

The goblin shoots a stone.
The stone closely misses you. Robin throws the goblin at you!
The goblin shoots a stone.
The stone hits you.
You sock the goblin!
You kill the goblin!
The goblin shoots a stone.
The stone hits you.
You see here a +0 dagger.
The goblin shoots a stone.
The stone hits you. Robin throws the goblin at you!
The goblin unwields a +0 hunting sling.
The goblin wields a +0 dagger.
The goblin hits you with a +0 dagger.
The goblin unwields a +0 dagger.
The goblin wields a +0 hunting sling.
The goblin shoots a stone.
The stone closely misses you.
The goblin shoots a stone.
The stone completely misses you.
The goblin shoots a stone.
The stone hits you.
The goblin shoots a stone.
The stone hits you.
The goblin shoots a stone.
The stone hits you.
The goblin shoots a stone.
The stone completely misses you.
There is an open door here.
Things that are here:
a +0 club; a goblin corpse You see here a +1 leather armour of poison resistance.
There is an open door, spattered with blood here.
You start resting.
A goblin is nearby!
The goblin shoots a stone.
The stone hits you but does no damage.
The goblin shoots a stone.
The stone hits you.
The goblin unwields a +0 hunting sling.
The goblin wields a +0 dagger.
The goblin hits you with a +0 dagger. Robin throws the goblin at you!
You are too injured to fight recklessly!
You hit the goblin.
The goblin is moderately wounded.
The goblin barely misses you.
Robin zaps a wand.
The puff of flame hits you!
* * * LOW HITPOINT WARNING * * *
Robin's horned helmet rattles.
Robin roars a battlecry!
The goblin goes into a battle-frenzy!
The goblin unwields a +0 dagger.
The goblin wields a +0 hunting sling.
The goblin shoots a stone.
The stone hits you.
* * * LOW HITPOINT WARNING * * *
The goblin shoots a stone.
The stone hits you.
You die...

###
################.#####
...................gg#
#
##########......@###.#
# #.###.....#.# ######
###### #.#
#.#.#.#.#######.....
#....# #.#
#...#.#.......#..#..
#....# #.#
#####.#.#####.'.#⌠#.
#....# #<# #.....#.#
###.[#). #....# ###
#.#####.# #.....
#....# #.#####.#
######
#....#########....##.#


You could see Robin and a goblin (strong).

Vanquished Creatures
  A dart slug (D:1)
  A ball python (D:1)
  2 giant cockroaches
  6 goblins
  4 hobgoblins
  4 jackals (D:1)
  A quokka (D:1)
  A bat (D:1)
  2 frilled lizards (D:1)
  A kobold (D:1)
  4 rats (D:1)
27 creatures vanquished.

Notes
Turn   | Place    | Note
-------+----------+-------------------------------------------
     0 | D:1      | Infinimo the Ogre Gladiator began the quest for the Orb.
     0 | D:1      | Reached XP level 1. HP: 22/22 MP: 1/1
   217 | D:1      | Reached XP level 2. HP: 30/31 MP: 2/2
   236 | D:1      | Found a faded altar of an unknown god.
   284 | D:1      | Found Hatuff's One-of-a-Kind Rings.
   667 | D:1      | Reached XP level 3. HP: 30/37 MP: 3/3
  1129 | D:2      | Noticed Robin
  1195 | D:2      | HP: 1/37 [goblin/stone[Robin] (6)]
  1196 | D:2      | Shot with a stone by a goblin

Illustrated notes

Levels and vault maps discovered:
D:1:      tarquinn_simple_flora_water_e, layout_rooms,
          ebering_ecumenical_altar_webs, nicolae_shop_unique_rings,
          hangedman_decor_opposing, minmay_tetromino_t4
D:2:      layout_basic, serial_shops, shop, kennysheep_generic_room_13,
          uniq_robin

Skill      XL: |  1 |
---------------+----+-----
Maces & Flails | 3 |  3.5
Fighting       | 3 |  3.4
Throwing       | |  2.0
Dodging        | |  2.6

Action                   || total
-------------------------++-------
Melee: Flail             ||    84
       Punch             ||     2
 Stab: Sleeping          ||     1
Armor: Robe              ||    33
Dodge: Dodged            ||    55
